[Event "Early-Titled-Tuesday-Blitz-December-26-2023"]
[Site "Chess.com"]
[Date "2023.12.26"]
[Round "5"]
[White "johnmez"]
[Black "JafarTheParrot"]
[Result "0-1"]
[WhiteElo "2285"]
[BlackElo "2514"]
[TimeControl "180+1"]
[EndTime "8:56:06 PST"]
[Termination "JafarTheParrot won on time"]

1. d4 Nf6 2. c4 e5 3. dxe5 Ng4 4.
Nf3 Bc5 5. e3 Nc6 6. Be2 Ngxe5 7.
O-O d6 8. Nc3 a6 9. b3 Bf5 10.
Bb2 O-O 11. Nd4 Bg6 12. Nxc6 bxc6 13. Rc1 Qe7 14. Qd2 h6 15. h3 a5 16. Na4 Bb4 17.
Bc3 Rab8 18. f4 Nd7 19. f5 Bh7 20. Bd3 Rfe8 21. Rce1 Bxc3 22. Nxc3 Qe5 23. Be4 Rb6 24.
Bc2 Nc5 25. f6 Bxc2 26. Qxc2 g6 27. Rf3 Re6 28. Ref1 Rb8 29. Ne2 Qe4 30. Qb2 Re5 31.
Nd4 Ne6 32. Ne2 Ng5 33. Rg3 Rbe8 34. Nf4 Kh7 35. h4 Ne6 36. Qe2 Nxf4 37. Qg4 Nh5 38. Qd7 Kg8 39. Rgf3 Qxh4 40. Qxc7 R5e6 41. Qxc6 Kf8 42.
Qb6 Rxf6 43. Rxf6 Nxf6 44. Qxd6+ Kg7 45. Qd4 Re4 46. Qc3 Qg5 0-1

[Event "Early-Titled-Tuesday-Blitz-December-26-2023"]
[Site "Chess.com"]
[Date "2023.12.26"]
[Round "5"]
[White "Abduzhaparov"]
[Black "CFalcons8"]
[Result "0-1"]
[WhiteElo "2412"]
[BlackElo "2223"]
[TimeControl "180+1"]
[EndTime "8:56:06 PST"]
[Termination "CFalcons8 won by checkmate"]

1. Nf3 Nf6 2. c4 c6 3. d4 d5 4. e3 Bf5 5. Nc3 e6 6. Nh4 Bg6 7. Nxg6 hxg6 8. g3 Nbd7 9. Qb3 dxc4 10. Qxb7 c5 11. dxc5 Bxc5 12. Bxc4 O-O 13. O-O Rb8 14. Qg2 Ne5 15. Rd1 Qe7 16. Be2 Rfd8 17. h3 Rxd1+ 18. Nxd1 Nd5 19. Bd2 Bb4 20. Bxb4 Qxb4 21. Qf1 Qd2 22. a3 Rc8 23. e4 Nf6 24. f4 Nxe4 25. fxe5 Nxg3 26. Qf2 Nxe2+ 27. Kf1 Rc2 28. Qe3 Qd5 29. Nf2 Nd4 30. Qd3 Rxb2 31. Rd1 Qb5 32. Qxb5 Nxb5 33. Rd8+ Kh7 34. Rb8 Rb1+ 35. Kg2 Nxa3 36.
Ra8 Nc4 37. Rxa7 Nxe5 38. Ne4 Rb2+ 39. Kg3 Kh6 40. Ra8 g5 41. Nd6 Kg6 42. Rh8 f5 43. Nc8 f4# 0-1

[Event "Early-Titled-Tuesday-Blitz-December-26-2023"]
[Site "Chess.com"]
[Date "2023.12.26"]
[Round "5"]
[White "PedroGil25"]
[Black "DTChess"]
[Result "0-1"]
[WhiteElo "2391"]
[BlackElo "2667"]
[TimeControl "180+1"]
[EndTime "8:56:08 PST"]
[Termination "DTChess won by checkmate"]

1. e4 e5 2. Nf3 Nc6 3. Nc3 g6 4. Bb5 Bg7 5. O-O Nge7 6. d3 h6 7. a4 d6 8. Ne2 O-O 9. c3 Kh7 10. Ng3 f5 11. d4 f4 12. Ne2 g5 13. dxe5 Nxe5 14. Nxe5 Bxe5 15. f3 Ng6 16. Nd4 a6 17. Bd3 Nh4 18. Qe2 Bd7 19. Bd2 Qf6 20. Kh1 c5 21.
Nc2 h5 22. b4 g4 23. bxc5 g3 24. hxg3 Rg8 25. Bxf4 Ng6 26. Bxe5 dxe5 27. Rab1 h4 28. Rxb7 Rg7 29. g4 Nf4 30. Qd2 Bxa4 31. Rxg7+ Kxg7 32. Ne3 Rd8 33. Nf5+ Kh7 34. Qa2 Be8 35. Qxa6 Qxa6 36. Bxa6 Rd2 37. Nxh4 Rc2 38. Rb1 Rxc3 39. Rb7+ Kh6 40.
Nf5+ Kg5 41. Rc7 Bg6 42. Rg7 Rc1+ 43. Kh2 Rc2 44. Ne3 Rxc5 45. Nd5 Nxd5 46. exd5 Kf6 47. Rd7 Rc2 48. Rd6+ Kf7 49. Bc8 Bd3 50. Rd7+ Kf6 51.
Kg3 Bf1 52. Rd6+ Kg5 53. f4+ exf4+ 54. Kf3 Bxg2# 0-1

[Event "Early-Titled-Tuesday-Blitz-December-26-2023"]
[Site "Chess.com"]
[Date "2023.12.26"]
[Round "5"]
[White "TitarovVasiliYouTube"]
[Black "pirulillo"]
[Result "1-0"]
[WhiteElo "2546"]
[BlackElo "2285"]
[TimeControl "180+1"]
[EndTime "8:56:10 PST"]
[Termination "TitarovVasiliYouTube won on time"]

1. e4 c5 2. Nf3 e6 3. b3 d5 4. Bb5+ Bd7 5. Bxd7+ Qxd7 6. exd5 exd5 7. O-O Nc6 8. d4 O-O-O 9. Bb2 Nf6 10. Nbd2 Kb8 11. Re1 Bd6 12. dxc5 Bxc5 13. Ne5 Nxe5 14. Bxe5+ Ka8 15.
Bxf6 gxf6 16. Qf3 Rhg8 17. g3 f5 18. Rad1 h5 19. Re5 h4 20. Nf1 hxg3 21. hxg3 f4 22. Rdxd5 Bxf2+ 23. Qxf2 fxg3 24. Qg2 Qc7 25. Rxd8+ Rxd8 26. Re3 f5 27. Rxg3 f4 28. Rg5 a6 29. Rg7 Qb6+ 30. Qf2 Qf6 31. Rg4 Rf8 32. Qf3 Qd4+ 33. Qf2 Qe4 34. Nh2 Rd8 35. Nf1 Rd1 36. Rg8+ 1-0

[Event "Early-Titled-Tuesday-Blitz-December-26-2023"]
[Site "Chess.com"]
[Date "2023.12.26"]
[Round "5"]
[White "GeorgMeier"]
[Black "sergoy"]
[Result "1-0"]
[WhiteElo "3047"]
[BlackElo "2943"]
[TimeControl "180+1"]
[EndTime "8:56:11 PST"]
[Termination "GeorgMeier won by resignation"]

1. Nf3 d5 2. g3 g6 3. Bg2 Bg7 4. d4 Nf6 5. O-O O-O 6. c4 c6 7. cxd5 cxd5 8. Nc3 Nc6 9. Ne5 Ng4 10. Nxd5 Ngxe5 11. dxe5 Nxe5 12. Bg5 Nc6 13. Qd2 Be6 14. Rfd1 Bxd5 15.
Bxd5 Qb6 16. Bxc6 bxc6 17. Bxe7 Rfe8 18. Ba3 h5 19. h4 Re4 20. Rac1 Rae8 21. e3 g5 22. hxg5 h4 23. Bd6 Qb5 24. Rc5 Qb7 25.
gxh4 Rd8 26. Qc2 Rxh4 27. Bg3 Re8 28. Bxh4 Qc8 29. Bg3 Qh3 30. Qe2 Re4 31. Rc4 Re6 32. Qg4 Qh7 33. Rd8+ Bf8 34. Kg2 Qb1 35. Rf4 Qg6 36. Qf5 Qg7 37. Qxe6 fxe6 38. Rdxf8+ Qxf8 39. Rxf8+ Kxf8 40. Kf3 Kf7 41. Ke4 Kg6 42. f4 Kf7 43. Ke5 Ke7 44. Bh4 c5 45. g6+ Kf8 46. Kxe6 Kg7 47. f5 Kh6 48. Bf6 Kh5 49. g7 Kg4 50.
g8=Q+ Kf3 51. Qg5 1-0

[Event "Early-Titled-Tuesday-Blitz-December-26-2023"]
[Site "Chess.com"]
[Date "2023.12.26"]
[Round "5"]
[White "Aslanov_Umid"]
[Black "ValentunHulka"]
[Result "0-1"]
[WhiteElo "2564"]
[BlackElo "2756"]
[TimeControl "180+1"]
[EndTime "8:56:11 PST"]
[Termination "ValentunHulka won by checkmate"]

1. e4 c5 2. Nf3 Nf6 3. Nc3 d5 4. exd5 Nxd5 5. Bb5+ Bd7 6. Bxd7+ Qxd7 7. O-O Nc6 8. Nxd5 Qxd5 9. d3 g6 10. Re1 Bg7 11.
Qe2 O-O 12. Qe4 Qd7 13. h4 h6 14. h5 g5 15. Bxg5 hxg5 16. Nxg5 f5 17. Qc4+ Kh8 18. Qxc5 Bxb2 19. Rab1 Bd4 20. Qc4 Rg8 21. Nf7+ Kh7 22. Re6 Rg4 23. Rh6+ Kg7 24. Rg6+ Rxg6 25. hxg6 Kxg6 26.
c3 Bf6 27. d4 e6 28. Ne5+ Nxe5 29. dxe5 Bxe5 30. Re1 Rh8 31. g3 Kf6 32. Qe2 Qd5 33. f3 Bxg3 34. Rd1 Qe5 35. Qxe5+ Bxe5 36. Rd7 Bxc3 37.
Rxb7 Bd4+ 38. Kg2 Bb6 39. f4 Rh4 40. Kf3 Rh3+ 41. Kg2 Ra3 42. Rh7 Rxa2+ 43. Kf3 Ra3+ 44. Kg2 Ra4 45. Rh6+ Ke7 46. Kf3 Kd6 47. Rh8 Ra3+ 48.
Kg2 Kd5 49. Rc8 Ke4 50. Rc4+ Bd4 51. Rb4 Rd3 52. Kh2 Kxf4 53. Ra4 e5 54. Ra2 e4 55. Kh1 e3 56. Rg2 Rd1+ 57. Kh2 Rd2 58. Kh3 Rxg2 59. Kxg2 e2 60. Kh2 e1=Q 61. Kh3 Qh1# 0-1

[Event "Early-Titled-Tuesday-Blitz-December-26-2023"]
[Site "Chess.com"]
[Date "2023.12.26"]
[Round "5"]
[White "karinachess1"]
[Black "nitpicker"]
[Result "1-0"]
[WhiteElo "2569"]
[BlackElo "2305"]
[TimeControl "180+1"]
[EndTime "8:56:12 PST"]
[Termination "karinachess1 won on time"]

1. d4 Nf6 2. c4 e6 3. Nc3 Bb4 4. Qc2 d5 5. a3 Bxc3+ 6. Qxc3 O-O 7. Nf3 b6 8. e3 Bb7 9. Be2 Nbd7 10. O-O Rc8 11.
b3 Ne4 12. Qc2 c5 13. dxc5 bxc5 14. Bb2 Qe7 15. Rfd1 Rfd8 16. Rac1 h6 17. Qb1 Ng5 18. Qa1 dxc4 19. Rxc4 f6 20. Nxg5 hxg5 21. Rdc1 Bd5 22. R4c3 Rb8 23. a4 Bxb3 24. Bb5 Bd5 25. Ba3 Kf7 26.
Bxc5 Nxc5 27. Rxc5 Rb7 28. f3 Qd6 29. Qc3 Rh8 30.
Rc7+ Kg6 31. h3 Qg3 32. e4 Rxc7 33. Qxc7 Qxc7 34. Rxc7 Bb3 35. Rxa7 Rd8 36. a5 Rd2 37. Be8+ Kh6 38. a6 Bc4 39. Ra8 Rd1+ 40. Kf2 f5 41. exf5 exf5 42. g3 f4 43. gxf4 gxf4 44. Rc8 Rd2+ 45. Ke1 Re2+ 46. Kd1 1-0

[Event "Early-Titled-Tuesday-Blitz-December-26-2023"]
[Site "Chess.com"]
[Date "2023.12.26"]
[Round "5"]
[White "Eternauta2400"]
[Black "Semetey"]
[Result "1-0"]
[WhiteElo "2812"]
[BlackElo "2628"]
[TimeControl "180+1"]
[EndTime "8:56:14 PST"]
[Termination "Eternauta2400 won by checkmate"]

1. c4 e5 2. Nc3 Nc6 3. Nf3 g6 4. d4 exd4 5. Nxd4 Bg7 6. Nxc6 bxc6 7. g3 Ne7 8. Bg2 O-O 9. O-O Rb8 10. Qc2 d5 11. Be3 d4 12. Rfd1 c5 13. Bg5 Bb7 14. Bxb7 Rxb7 15. Ne4 h6 16. Nxc5 hxg5 17. Nxb7 Qc8 18.
Nc5 Nf5 19. Re1 Re8 20. Rad1 Nd6 21. Qd3 Bf6 22. Qf3 Kg7 23. b3 g4 24. Qg2 Qf5 25. Nd3 g5 26. Qd5 Qh7 27. e3 Rh8 28. Qg2 dxe3 29. Rxe3 Nf5 30. Re4 Nd4 31. Rxg4 Qf5 32.
Rxd4 Bxd4 33. Ne1 Bb6 34. Nf3 g4 35. Nh4 Qc2 36. Re1 Rd8 37. Rf1 Rd2 38. h3 gxh3 39. Qf3 Rd3 40. Qg4+ Kf8 41. Qxh3 Rd2 42. Nf5 Rxf2 43.
Qh8# 1-0

[Event "Early-Titled-Tuesday-Blitz-December-26-2023"]
[Site "Chess.com"]
[Date "2023.12.26"]
[Round "5"]
[White "drillovsky"]
[Black "Hoshka"]
[Result "1-0"]
[WhiteElo "2368"]
[BlackElo "2033"]
[TimeControl "180+1"]
[EndTime "8:56:14 PST"]
[Termination "drillovsky won on time"]

1. e4 e5 2. Nf3 Nc6 3. Bb5 a6 4.
Ba4 Nf6 5. Bxc6 dxc6 6. O-O Bd6 7. d3 Nd7 8. b3 c5 9. Bb2 O-O 10. Nbd2 Qe7 11. a4 Nb8 12. Nc4 Nc6 13. h3 Nd4 14. a5 Bd7 15. c3 Nc6 16. Bc1 Rad8 17. Be3 f6 18. Qd2 Be6 19. Nh2 Qd7 20. f4 Be7 21. Rad1 Bxc4 22. bxc4 Nxa5 23. fxe5 fxe5 24. Ng4 Rxf1+ 25. Kxf1 Qe6 26. Qe2 b6 27. Kg1 Nb7 28. Bf2 Nd6 29. Bg3 Nf7 30. Rf1 Bg5 31. h4 Be7 32. Qf3 Rf8 33. Qf5 Qxf5 34. exf5 Rd8 35. Bxe5 Rxd3 36. Bxc7 Rxc3 37. Re1 Kf8 38. Bxb6 Rxc4 39.
Ne3 Re4 40. Kf2 1-0

[Event "Early-Titled-Tuesday-Blitz-December-26-2023"]
[Site "Chess.com"]
[Date "2023.12.26"]
[Round "5"]
[White "Zurability"]
[Black "Slovak_fighter2000"]
[Result "1-0"]
[WhiteElo "2695"]
[BlackElo "2505"]
[TimeControl "180+1"]
[EndTime "8:56:15 PST"]
[Termination "Zurability won on time"]

1. d4 Nf6 2. Nf3 g6 3. c4 Bg7 4. Nc3 O-O 5. e4 d6 6. Be2 Bg4 7. Be3 Nfd7 8. Ng1 Bxe2 9. Ngxe2 e5 10. O-O exd4 11. Nxd4 Nc6 12. Nxc6 bxc6 13. Rc1 Qb8 14. b3 Re8 15. Qd2 Qb4 16. f3 a5 17. Na4 c5 18.
Rfd1 Ne5 19. Qc2 Qb7 20. Qf2 Nc6 21. h4 Nd4 22. h5 Qc8 23. h6 Bh8 24. Rxd4 cxd4 25. Bxd4 Qe6 26. Bxh8 Kxh8 27. Rd1 Qe5 28. Rd5 Qa1+ 29. Kh2 Qf6 30. Qd2 Re5 31. Nc3 Rae8 32. Kg1 g5 33. Rxe5 Rxe5 34. Nd5 Qxh6 35. Nxc7 Qf6 36.
Nd5 Qd8 37. Qd4 Kg8 38. Ne3 Qc7 39. Kf1 Qc5 40. Qd3 Kg7 41. Nf5+ Kg8 42. Nxd6 Qa3 43. Nf5 Qc1+ 44. Kf2 h5 45. Qd4 Qc2+ 46. Kg3 f6 47. Qd8+ 1-0

[Event "Early-Titled-Tuesday-Blitz-December-26-2023"]
[Site "Chess.com"]
[Date "2023.12.26"]
[Round "5"]
[White "rasmussvane"]
[Black "GMWSO"]
[Result "0-1"]
[WhiteElo "2930"]
[BlackElo "3045"]
[TimeControl "180+1"]
[EndTime "8:56:16 PST"]
[Termination "GMWSO won on time"]

1. Nf3 d5 2. g3 Nf6 3. Bg2 e6 4. O-O Be7 5. c4 O-O 6. b3 c5 7.
cxd5 Nxd5 8. Nc3 Nc6 9. Bb2 Nxc3 10. Bxc3 Qc7 11. Qc2 e5 12. Rac1 Rd8 13. Qb2 f6 14. e3 Qd6 15. Rfd1 Bg4 16. h3 Bh5 17. g4 Bf7 18. d4 exd4 19. exd4 Rac8 20. Qe2 cxd4 21. Bb2 Bf8 22. Qf1 Qf4 23. Nxd4 Bd6 24. Nf3 h5 25. gxh5 Bxh5 26. Qc4+ Qxc4 27. bxc4 Bf4 28. Rxd8+ Rxd8 29. Re1 Bf7 30. Bf1 b6 31. Ba3 Nd4 32. Nxd4 Rxd4 33. c5 Ra4 34. Bc1 bxc5 35. Bxf4 Rxf4 36. Bb5 Bxa2 37.
Ra1 Be6 38. Rxa7 Rb4 39. Be2 Rb2 40. Bg4 Bd5 41. Rc7 c4 42. f3 Rb6 43. Kf2 Kf8 44. Ke3 Rb3+ 45. Kd4 Bxf3 46. Kxc4 Ra3 47.
Be6 Re3 0-1

[Event "Early-Titled-Tuesday-Blitz-December-26-2023"]
[Site "Chess.com"]
[Date "2023.12.26"]
[Round "5"]
[White "SahibSinghKnight"]
[Black "MetiForce"]
[Result "0-1"]
[WhiteElo "2680"]
[BlackElo "2880"]
[TimeControl "180+1"]
[EndTime "8:56:17 PST"]
[Termination "MetiForce won by checkmate"]

1. e4 g6 2. d4 Bg7 3. Nc3 c6 4. Bf4 d5 5. exd5 cxd5 6. Nf3 Nf6 7. Bb5+ Nc6 8. O-O O-O 9. h3 Bf5 10. Ne5 Qb6 11. Bxc6 bxc6 12. Na4 Qb5 13. b3 Ne4 14. c4 Qa6 15. f3 Nd6 16. Nc5 Qc8 17. g4 Be6 18.
Nxe6 Qxe6 19. Re1 Qc8 20. cxd5 cxd5 21. Rc1 Qb7 22. Nc6 Rfe8 23. Nxe7+ Rxe7 24. Bxd6 Rxe1+ 25. Qxe1 Bxd4+ 26. Kg2 Qa6 27. Qd2 Bf6 28. Bg3 Re8 29.
Re1 Rc8 30. g5 Bc3 31. Qe2 Qxe2+ 32. Rxe2 d4 33. Re7 d3 34. Rd7 d2 35. Bf4 Bb4 36. Bxd2 Rc2 37. Rxa7 Bxd2 38. Kg3 Bxg5 39. f4 Bf6 40. b4 Rb2 41. a3 Bd4 42. Rd7 Rb3+ 43. Kg4 Bf6 44. h4 h5# 0-1

[Event "Early-Titled-Tuesday-Blitz-December-26-2023"]
[Site "Chess.com"]
[Date "2023.12.26"]
[Round "5"]
[White "Alex_Sahakyan2006"]
[Black "ljuks68"]
[Result "1-0"]
[WhiteElo "2708"]
[BlackElo "2511"]
[TimeControl "180+1"]
[EndTime "8:56:17 PST"]
[Termination "Alex_Sahakyan2006 won on time"]

1. e4 e6 2. d4 d5 3. Nc3 Bb4 4. Bd3 Ne7 5. Ne2 c5 6. exd5 exd5 7. dxc5 Bxc5 8. O-O O-O 9. Bg5 f6 10. Bh4 Nbc6 11. Bg3 Be6 12. Na4 Bd6 13. Bxd6 Qxd6 14. Re1 Ne5 15. Nd4 Bd7 16. Nc3 N7g6 17. Nb3 Bc6 18.
Bxg6 hxg6 19. Qd4 Nc4 20. Rad1 Nxb2 21. Nxd5 Qxd5 22. Qxd5+ Bxd5 23. Rxd5 Rad8 24. Ra5 a6 25. h4 Rf7 26. Rc5 Na4 27. Rc4 Nb6 28. Rb4 Nd5 29.
Rbe4 Nc3 30. Re8+ Rxe8 31. Rxe8+ Kh7 32. g3 Rc7 33. Nd4 Nxa2 34. Ne6 Rf7 35. Nf8+ Kh6 36. Nd7 Kh7 37. Nf8+ Kh6 38. Kg2 g5 39. hxg5+ Kxg5 40. Ne6+ Kf5 41. Nd4+ Kg6 42. g4 Nc3 43. Nf5 b5 44. Kg3 a5 45. f4 a4 46. Rh8 1-0

[Event "Early-Titled-Tuesday-Blitz-December-26-2023"]
[Site "Chess.com"]
[Date "2023.12.26"]
[Round "5"]
[White "matagordo"]
[Black "robertoalejandro10"]
[Result "0-1"]
[WhiteElo "2244"]
[BlackElo "2540"]
[TimeControl "180+1"]
[EndTime "8:56:17 PST"]
[Termination "robertoalejandro10 won on time"]

1. d4 Nf6 2. Bf4 c5 3. d5 d6 4. Nc3 g6 5. e4 Bg7 6. Bb5+ Bd7 7. a4 O-O 8. Nf3 Na6 9. O-O Nc7 10. Bc4 a6 11. Qe2 Rb8 12. a5 b5 13. axb6 Rxb6 14. b3 Bb5 15. Rad1 Nd7 16. Bd2 Ne5 17. Nxe5 Bxe5 18.
f4 Bg7 19. Rfe1 Bxc4 20. Qxc4 Rb4 21. Qe2 Nb5 22. Na4 Nd4 23. Qd3 Rb8 24. Be3 Qa5 25.
Bf2 Qb5 26. Qd2 Rfc8 27. Kh1 Qb7 28. e5 dxe5 29. fxe5 Qxd5 30. c3 Qxb3 31. Nxc5 Rxc5 32. cxd4 Rd5 33. Qe3 Qxe3 34. Bxe3 f6 35. exf6 Bxf6 36. Ra1 Rb6 37. Ra4 Rbd6 38. Rea1 Bxd4 39. Bxd4 Rxd4 40.
h3 Rxa4 41. Rxa4 Kf7 42. Kh2 e5 43. Kg3 Re6 44. Kf3 e4+ 45. Ke3 Ke7 46. Ra5 Kd7 47.
g3 Kc7 48. Rd5 Kc6 49. Ra5 Kb6 50. Rd5 Re7 51. Rd8 a5 52. Rb8+ Kc5 53. Ra8 Kb4 54. Rb8+ Ka3 55. Rb1 a4 56. Rb8 Ka2 57. Rb6 a3 58.
Rb8 Ka1 59. Rb6 a2 60. Rb3 Rc7 61. Kd2 e3+ 62. Ke2 Rc2+ 63. Kxe3 Rb2 64. Rc3 Kb1 65. Rc8 a1=Q 66. Kf4 Qa5 0-1

[Event "Early-Titled-Tuesday-Blitz-December-26-2023"]
[Site "Chess.com"]
[Date "2023.12.26"]
[Round "5"]
[White "LUISMIGUELOV"]
[Black "Gyulamiryan-koryun"]
[Result "0-1"]
[WhiteElo "2190"]
[BlackElo "2012"]
[TimeControl "180+1"]
[EndTime "8:56:19 PST"]
[Termination "Gyulamiryan-koryun won on time"]

1. e4 c5 2. d4 cxd4 3. c3 dxc3 4. Nxc3 d6 5. Bc4 Nc6 6. Nf3 e6 7. Bf4 Be7 8. O-O Nf6 9. Qe2 O-O 10. Rfd1 e5 11. Nxe5 Nxe5 12. Bxe5 Qc7 13. Bg3 Qb6 14. Rac1 Bg4 15. Qd2 Bxd1 16. Rxd1 Rac8 17. Bb3 Rfd8 18. h3 Qc6 19. f3 Qc5+ 20. Kh2 Nh5 21. Bf2 Qe5+ 22. g3 Bg5 23. Qe2 Qe7 24. Rd5 Rc5 25. f4 Nxf4 26. gxf4 Bxf4+ 27. Bg3 Qh4 28. Qg4 Bxg3+ 29.
Qxg3 Qf6 30. Rd2 Rg5 31. Nd5 Qh6 32. Qf2 Rh5 33. Ne7+ Kh8 34. Rd3 Qg5 35. Nf5 Qg4 36. Bxf7 Qxe4 37. Ng3 Qxd3 38. Bxh5 Rc8 39. Ne2 h6 40.
Bg4 Rd8 0-1

[Event "Early-Titled-Tuesday-Blitz-December-26-2023"]
[Site "Chess.com"]
[Date "2023.12.26"]
[Round "5"]
[White "DarkAlekhine"]
[Black "newyorkmouse"]
[Result "1-0"]
[WhiteElo "2728"]
[BlackElo "2476"]
[TimeControl "180+1"]
[EndTime "8:56:21 PST"]
[Termination "DarkAlekhine won by checkmate"]

1. e4 c6 2. Nf3 d5 3. d3 Bg4 4. Nbd2 dxe4 5. dxe4 Nd7 6. h3 Bh5 7.
Bc4 e6 8. g4 Bg6 9. Qe2 Bc5 10.
Nb3 Bb6 11. Bf4 Ngf6 12. Nbd2 Nc5 13. O-O-O Qe7 14. Ne5 Bxe4 15. Nxe4 Nfxe4 16. b4 Nc3 17. Qf3 Nxd1 18. bxc5 Qxc5 19. Rxd1 f6 20. Bxe6 Qxf2 21.
Qxf2 Bxf2 22. Nf7 Rf8 23. Rd7 Bc5 24. Nd6+ Bxd6 25. Bxd6 Rh8 26. Re7+ Kd8 27. Rxb7 a5 28. a4 g6 29. Kd2 h5 30. Kc3 hxg4 31. hxg4 Rh3+ 32.
Kc4 Re3 33. Rd7+ Ke8 34. Re7+ Kd8 35. Kd4 Re1 36. Kc5 Ra6 37. Rd7+ Ke8 38. Re7+ Kd8 39. Bc4 Rxe7 40. Bxe7+ Kxe7 41. Bxa6 Kd7 42. Bd3 g5 43. Kb6 Kd6 44. Kxa5 Kc5 45. Bf5 Kc4 46. Kb6 Kb4 47.
Kxc6 Kxa4 48. c4 Kb4 49. c5 Kc4 50. Kb6 Kd5 51. c6 Kd6 52. c7 Ke5 53. c8=Q Kf4 54.
Qe6 Kg3 55. Qxf6 Kh4 56. Qh6+ Kg3 57. Qxg5 Kg2 58. Be4+ Kf1 59. Qd2 Kg1 60. Qg2# 1-0

[Event "Early-Titled-Tuesday-Blitz-December-26-2023"]
[Site "Chess.com"]
[Date "2023.12.26"]
[Round "5"]
[White "UnTucopalaTimba"]
[Black "RamonManon0g"]
[Result "0-1"]
[WhiteElo "2153"]
[BlackElo "2374"]
[TimeControl "180+1"]
[EndTime "8:56:22 PST"]
[Termination "RamonManon0g won by checkmate"]

1. e4 c5 2. Nf3 d6 3. Bb5+ Nd7 4. d4 cxd4 5. Qxd4 a6 6. Bxd7+ Bxd7 7. Bg5 Rc8 8. O-O Rxc2 9. Nc3 Rxb2 10. Nd5 Rb5 11. Rfc1 Bc6 12. Nc3 Rb2 13. Nd5 Rb5 14. a4 Rc5 15.
Rxc5 dxc5 16. Qxc5 e6 17. Qxf8+ Kxf8 18. Bxd8 exd5 19.
exd5 Bxd5 20. Rd1 Bxf3 21. gxf3 f6 22. Bb6 Kf7 23. Rd7+ Ne7 24. Rxb7 Rc8 25. a5 Ke6 26. Ra7 Nf5 27. Be3 Rc6 28. Kf1 h5 29. Ke2 h4 30.
h3 Kd5 31. Rd7+ Kc4 32. Rb7 g5 33. Rb6 Kd5 34. Kd3 Nd6 35. Rxc6 Kxc6 36. f4 g4 37. Ke2 gxh3 38. Kf1 f5 39. Kg1 Nc4 40. Bb6 Nxb6 41. axb6 Kxb6 42. Kh2 a5 43. Kxh3 a4 44. Kxh4 a3 45. Kg5 a2 46. Kxf5 a1=Q 47. Ke6 Kc7 48. f5 Kd8 49. f6 Ke8 50. f7+ Kf8 51. f4 Qg7 52. f5 Qxf7+ 53. Ke5 Ke7 54. Ke4 Qf6 55. Kf4 Kd6 56. Ke4 Kc5 57. Kf4 Kd5 58. Kg4 Ke5 59. Kg3 Qxf5 60. Kh4 Qg6 61. Kh3 Kf4 62. Kh2 Kf3 63. Kh1 Qg2# 0-1

[Event "Early-Titled-Tuesday-Blitz-December-26-2023"]
[Site "Chess.com"]
[Date "2023.12.26"]
[Round "5"]
[White "JoliyRoger"]
[Black "disciplinedbrat"]
[Result "0-1"]
[WhiteElo "2493"]
[BlackElo "2302"]
[TimeControl "180+1"]
[EndTime "8:56:23 PST"]
[Termination "disciplinedbrat won on time"]

1. d4 Nf6 2. c4 g6 3. Nc3 d5 4. Nf3 Bg7 5. Bg5 dxc4 6. e4 O-O 7. Bxc4 c5 8. d5 b6 9. O-O Bg4 10. h3 Bxf3 11. Qxf3 Nbd7 12. Qe2 Ne5 13. Ba6 h6 14. Bf4 Ne8 15. Bg3 g5 16. Kh2 Nd6 17. a4 Ng6 18. e5 Nf5 19. e6 Nxg3 20. fxg3 f5 21. Bd3 Bxc3 22. Bxf5 Rxf5 23. Rxf5 Bf6 24.
Raf1 Qd6 25. Qe4 Kg7 26. b3 Rd8 27. R1f3 Nh4 28. Rxf6 exf6 29. Rd3 Ng6 30. Kg1 Ne5 31. Rd2 Re8 32. Rf2 Rd8 33. Rd2 Nc6 34. h4 Nd4 35. h5 f5 36. Qd3 Qxd5 37. Kh1 Qxe6 38. Rd1 Qe4 39. Qc4 Qg4 40. Qa6 Qxd1+ 41. Kh2 Qxh5+ 42.
Kg1 Qd1+ 0-1

[Event "Early-Titled-Tuesday-Blitz-December-26-2023"]
[Site "Chess.com"]
[Date "2023.12.26"]
[Round "5"]
[White "Elsa167"]
[Black "Bauman_Guy"]
[Result "0-1"]
[WhiteElo "2987"]
[BlackElo "2910"]
[TimeControl "180+1"]
[EndTime "8:56:24 PST"]
[Termination "Bauman_Guy won by resignation"]

1. d4 Nf6 2. c4 e6 3. Nf3 d5 4.
Nc3 c5 5. Bg5 cxd4 6. Qxd4 Nc6 7. Bxf6 gxf6 8. Qh4 dxc4 9. Rd1 Qe7 10. e3 f5 11. Qh5 Bg7 12. Bxc4 a6 13. O-O O-O 14.
Rd2 b5 15. Be2 Bb7 16. Rfd1 Rad8 17. Nd4 Ne5 18. a3 Ng6 19. Bf3 f4 20. Bxb7 Qxb7 21. Qf3 Qxf3 22. Nxf3 Rxd2 23. Rxd2 fxe3 24. fxe3 Bxc3 25. bxc3 Rc8 26. Rd3 Rc4 27. Nd2 Ra4 28.
Nb1 Ne5 29. Rd4 Nc4 30. Kf2 Ra5 31. Kf3 Nxa3 32. Nxa3 Rxa3 33. c4 b4 34. c5 a5 35.
Rd8+ Kg7 36. Ra8 Kf6 37. Ke4 Ke7 38. Ra7+ Kd8 39. Ke5 Rxe3+ 40. Kd6 Rd3+ 41. Kc6 b3 42. Rxa5 e5 43. Ra7 e4 44. Rxf7 e3 45. Rf1 b2 46.
Rb1 Rb3 47. Kd5 e2 48. Kc4 e1=Q 49. Rxe1 b1=Q 0-1

[Event "Early-Titled-Tuesday-Blitz-December-26-2023"]
[Site "Chess.com"]
[Date "2023.12.26"]
[Round "5"]
[White "Nasrin_Babayeva"]
[Black "Manukyan_Artak"]
[Result "0-1"]
[WhiteElo "1807"]
[BlackElo "2600"]
[TimeControl "180+1"]
[EndTime "8:56:25 PST"]
[Termination "Manukyan_Artak won on time"]

1. c4 Nf6 2. g3 g6 3. Bg2 Bg7 4. Nc3 O-O 5. e4 c5 6. Nge2 e5 7. O-O d6 8. d3 Nc6 9. a3 Nd4 10. b4 h5 11. h3 h4 12. g4 Nh7 13. Nxd4 cxd4 14. Nd5 Be6 15. f4 Bxd5 16. cxd5 f6 17. Qe1 g5 18. f5 Rc8 19. Rf2 Rf7 20. Bb2 Rfc7 21. Qd1 Nf8 22. Bf3 Nd7 23. Qb3 b5 24. Bd1 Nb6 25. Qa2 Na4 26. Bxa4 bxa4 27. Qb1 Qd7 28. Qd1 a5 29. Kg2 Bf8 30. Kf3 Qb5 31.
Rd2 Be7 32. Ke2 Bd8 33. Ra2 Kf7 34. Ra1 Ke8 35. Ra2 Rb7 36. Ra1 Ke7 37. Ra2 Rcb8 38.
Rc2 Rc7 39. Rxc7+ Bxc7 40. Qc2 Kd7 41. Ra1 Qb7 42. Bc1 Qb5 43. Bd2 Bb6 44. Rb1 Rc8 45. Qd1 Rc3 46. Bxc3 dxc3 0-1

[Event "Early-Titled-Tuesday-Blitz-December-26-2023"]
[Site "Chess.com"]
[Date "2023.12.26"]
[Round "5"]
[White "Klavdia_Nik"]
[Black "marvinguevara"]
[Result "0-1"]
[WhiteElo "1977"]
[BlackElo "2202"]
[TimeControl "180+1"]
[EndTime "8:56:27 PST"]
[Termination "marvinguevara won on time"]

1. Nf3 d5 2. c4 d4 3. g3 Nc6 4. Bg2 e5 5. d3 Nf6 6. O-O Be7 7. a3 O-O 8. b4 a6 9. Nbd2 Bf5 10. Ng5 h6 11. Nge4 Bh7 12. Nxf6+ Bxf6 13. Qb3 Be7 14. c5 Qd7 15. Nc4 Bf6 16. Bb2 Ne7 17. Bxb7 Rab8 18. Bg2 Nf5 19. Na5 Ne7 20. Qc4 Qb5 21.
Bc1 c6 22. Bd2 Rfc8 23. a4 Qxc4 24. Nxc4 Nd5 25. Bxd5 cxd5 26. Nb6 Rd8 27. a5 e4 28. Bf4 exd3 29. exd3 Bxd3 30. Bxb8 Bxf1 31. Rxf1 Rxb8 32. Nxd5 Be5 33. f4 Rd8 34. fxe5 Rxd5 35. c6 Rxe5 36. c7 Re8 37. Rc1 Rc8 38. Kf2 Kf8 39. Ke2 Ke7 40. Kd3 Kd6 41. Kxd4 f5 42.
Rc5 g6 43. h4 Rxc7 44. Rxc7 Kxc7 45. Ke5 Kc6 46. Kf6 g5 47. Kg6 gxh4 0-1

[Event "Early-Titled-Tuesday-Blitz-December-26-2023"]
[Site "Chess.com"]
[Date "2023.12.26"]
[Round "5"]
[White "AsaHoffmann"]
[Black "RodokininEV"]
[Result "1-0"]
[WhiteElo "2328"]
[BlackElo "2588"]
[TimeControl "180+1"]
[EndTime "8:56:28 PST"]
[Termination "AsaHoffmann won by checkmate"]

1. d4 Nf6 2. Bg5 Ne4 3. Bf4 e6 4. f3 Bd6 5. Bxd6 Nxd6 6. Nc3 O-O 7. e4 f5 8. e5 Nf7 9. f4 b6 10. Nf3 Bb7 11. d5 Kh8 12. Bc4 Qe7 13. Qe2 a5 14. O-O-O Na6 15. a3 Nc5 16. h4 Nh6 17. Ng5 Ng4 18. Rh3 Ba6 19. Bxa6 Nxa6 20. Rhd3 Nc5 21. Rd4 h6 22. Nf3 Rfb8 23. Qb5 c6 24. dxc6 dxc6 25. Qxc6 Nf2 26. R1d2 Nfe4 27. Nxe4 Nxe4 28. Rd7 Qe8 29. Rd1 b5 30. Nd4 b4 31. a4 Rc8 32.
Qxe6 Qh5 33. Qxf5 Rxc2+ 34. Kxc2 Rc8+ 35. Kd3 Nf2+ 36. Ke3 Nxd1+ 37. Kd2 Qxh4 38. Kxd1 Qh1+ 39. Kd2 Qxg2+ 40. Ne2 b3 41. Rd3 Rc2+ 42. Ke3 Qxe2+ 43. Kd4 Qf2+ 44. Kd5 Qc5+ 45. Ke6 Qc8+ 46. Rd7 Rc6+ 47. Ke7 Rc7 48. e6 Rxd7+ 49. exd7 Qg8 50. Qf8 g6 51. d8=Q h5 52. Qxg8# 1-0